 Dungeon Crawl Stone Soup version 0.28-a0-1234-g826d19b2e0 (webtiles) character file.

Game seed: 8786491343933516894

7204 rogsnak the Destroyer (level 10, -1/70 HPs)
             Began as a Demonspawn Air Elementalist on Dec 22, 2021.
             Was a Priest of Sif Muna.
             Slain by a tentacled starspawn (13 damage)
             ... on level 3 of the Abyss on Dec 24, 2021.
             The game lasted 00:38:50 (13364 turns).

rogsnak the Destroyer (DsAE)                       Turns: 13364, Time: 00:38:51

Health: -1/70      AC: 13    Str: 10    XL:     10   Next: 87%
Magic:  7/22       EV: 18    Int: 20    God:    Sif Muna [***...]
Gold:   801        SH:  0    Dex: 25    Spells: 8/26 levels left

rFire   . . .      SeeInvis .   p - staff of air
rCold   . . .      Faith    .   (no shield)
rNeg    . . .      Spirit   .   N - +1 leather armour "Qicsuh" {Dex+6}
rPois   .          Reflect  .   (helmet restricted)
rElec   +          Harm     .   y - scarf {shadows}
rCorr   .          Rampage  .   F - +2 pair of gloves
Will    .....                   (no boots)
Stlth   ++........              B - amulet of the acrobat
HPRegen 0.21/turn               l - +6 ring of dexterity
MPRegen 0.36/turn               D - +4 ring of evasion

@: sanguine armoured
A: antennae 1, foul stench 2, magic regeneration, sanguine armour 1
a: Renounce Religion, Channel Magic, Forget Spell


You were on level 3 of the Abyss.
You worshipped Sif Muna.
Sif Muna was most pleased with you.
You visited 1 branch of the dungeon, and saw 10 of its levels.
You visited the Abyss 1 time.

You collected 801 gold pieces.

Inventory:

Hand Weapons
 s - a +1 dagger of draining
 P - a +6 scimitar
Missiles
 e - 4 curare-tipped darts
 f - 14 poisoned darts
 k - 4 javelins
Armour
 t - a +1 cloak
 y - a scarf of shadows (worn)
 E - a +1 robe of willpower
 F - a +2 pair of gloves (worn)
 N - the +1 leather armour "Qicsuh" (worn) {Dex+6}
   (You found it on level 7 of the Dungeon)

   Dex:       It affects your dexterity (+6).
Magical Staves
 h - a staff of cold
 p - a staff of air (weapon)
Jewellery
 l - a +6 ring of dexterity (left hand)
 B - an amulet of the acrobat (around neck)
 D - a +4 ring of evasion (right hand)
 J - a ring of protection from fire
Wands
 v - a wand of iceblast (9)
 w - a wand of polymorph (6)
 G - a wand of paralysis (5)
 I - a wand of digging (8)
 K - a wand of flame (26)
 L - a wand of acid (7)
Scrolls
 b - 2 scrolls of immolation {unknown}
 d - a scroll of fear {unknown}
 i - a scroll of torment {unknown}
 m - 3 scrolls of enchant weapon
 r - 3 scrolls of fog {unknown}
 x - 11 scrolls of identify {unknown}
 z - 2 scrolls of vulnerability {unknown}
 A - 3 scrolls of enchant armour {unknown}
 C - 3 scrolls of blinking {unknown}
 M - a scroll of noise {unknown}
Potions
 a - a potion of ambrosia {unknown}
 c - a potion of invisibility {unknown}
 g - 4 potions of attraction {unknown}
 j - 3 potions of lignification {unknown}
 n - 3 potions of curing {unknown}
 o - a potion of mutation {unknown}
 q - a potion of flight {unknown}
 u - 4 potions of degeneration {unknown}


   Skills:
 + Level 3.1 Fighting
 + Level 1.7 Armour
 + Level 3.9 Dodging
 - Level 1.7 Stealth
 + Level 8.7 Spellcasting
 * Level 9.2 Conjurations
 + Level 8.8 Air Magic
 + Level 0.4 Evocations


You had 8 spell levels left.
You knew the following spells:

 Your Spells              Type           Power      Damage    Failure   Level
a - Shock                 Conj/Air       100%       1d9       1%          1
b - Swiftness             Air            60%        N/A       1%          3
c - Airstrike             Air            30%        N/A       2%          4
d - Lightning Bolt        Conj/Air       30%        1d47      7%          5
e - Freezing Cloud        Conj/Ice/Air   24%        6-21      24%         5

Your spell library contained the following spells:

 Spells                   Type           Power      Damage    Failure   Level
 Magic Dart               Conj           100%       1d8       1%          1
 Static Discharge         Conj/Air       61%        N/A       1%          2
 Mephitic Cloud           Conj/Pois/Air  49%        N/A       2%          3
 Conjure Flame            Conj/Fire      27%        6-21      4%          3
 Sticky Flame             Conj/Fire      27%        2d5       16%         4
 Ignite Poison            Fire/Tmut/Pois 8%         N/A       30%         3
 Orb of Destruction       Conj           22%        9d9       90%         7


Dungeon Overview and Level Annotations

Branches:
Dungeon (10/15)            Temple (0/1) D:5
   Lair: D:8-11         Orc: D:9-12

Altars:
Ashenzari
Cheibriados
Hepliaklqana
Nemelex Xobeh
Qazlal
Sif Muna
Xom

Annotations:
D:6 2 runed translucent doors, awesomeguy42's ghost, amateur TrMo
D:10 Erolcha; Snorg; Sonja
Abyss:3 1 transporter


Innate Abilities, Weirdness & Mutations

You have a pair of small antennae on your head.
You sometimes emit foul miasma when damaged in melee.
You regenerate magic rapidly.
When seriously injured, your blood forms armour. (AC +6)


Message History

The air twists around and strikes the tentacled starspawn.
The tentacled starspawn is lightly damaged.
Casting: Airstrike (dangerous; 2% risk of failure)
Confirm with . or Enter, or press ? or * to list all spells.
Aiming: Airstrike (dangerous; 2% risk of failure)
Press: ? - help, Dir - move target, f/p - tentacled starspawn
Aim: a tentacled starspawn (lightly damaged, empty space bonus: 4/8)
You feel a surge of power!
The air twists around and strikes the tentacled starspawn!
The tentacled starspawn is lightly damaged.
A raiju comes into view.
A tentacle flies out from the starspawn's body!
A starspawn tentacle comes into view.
Casting: Airstrike (dangerous; 2% risk of failure)
Confirm with . or Enter, or press ? or * to list all spells.
Aiming: Airstrike (dangerous; 2% risk of failure)
Press: ? - help, Dir - move target, f/p - tentacled starspawn
Aim: a tentacled starspawn (lightly damaged, empty space bonus: 2/8)
You feel a surge of power!
The air twists around and strikes the tentacled starspawn!
The tentacled starspawn is moderately damaged.
The raiju barks!
A starcursed mass splits.
The tentacled starspawn bites you!!
Your blood congeals into armour.
The tentacled starspawn tentacle-slaps you.
The starspawn tentacle completely misses you.
A starspawn tentacle comes into view.
Casting: Airstrike (dangerous; 2% risk of failure)
Confirm with . or Enter, or press ? or * to list all spells.
Aiming: Airstrike (dangerous; 2% risk of failure)
Press: ? - help, Dir - move target, f/p - tentacled starspawn
Aim: a tentacled starspawn (moderately damaged, empty space bonus: 2/8)
You feel a surge of power!
The air twists around and strikes the tentacled starspawn!
The tentacled starspawn is heavily damaged.
The tentacled starspawn bites you!!
* * * LOW HITPOINT WARNING * * *
You emit a cloud of foul miasma!
The tentacled starspawn tentacle-slaps you!
You die...

.≈≈ ##
##≈≈≈#. ##.
≈≈≈≈≈.# #
..#≈≈#..#
#.#.#≈≈≈≈≈.≈.
.XX≈≈≈≈ww.##
≈≈ #
#@#>>.#..
#..#..#X─h..#
≈≈≈..##.....#
#..#...####.#
#.
........#.#
....#X### ..
# .#....# .#
## . ##.# #
..# .#. #.


You could see 2 starcursed masses, a tentacled starspawn, a raiju and 2
starspawn tentacles.

Vanquished Creatures
  A worldbinder (Abyss:2)
  A smoke demon (Abyss:3)
  A kobold demonologist (D:5)
  2 trolls (D:9)
  An ancient zyme (Abyss:3)
  A hornet (D:9)
  A shadow (D:9)
  A wyvern (D:8)
  Eustachio (D:4)
  2 wraiths
  6 yaks (D:6)
  A neqoxec (Abyss:2)
  2 steam dragons
  A water moccasin (D:7)
  2 orc warriors
  The ghost of Ninjinzu the Skirmisher, an amateur DgWn (D:4)
  3 sky beasts
  2 ice beasts (D:7)
  3 ogres
  3 necrophages
  A kobold brigand (D:5)
  2 gnoll sergeants
  4 bullfrogs
  4 scorpions
  A water moccasin skeleton (D:5)
  5 killer bees (D:8)
  3 wights (D:8)
  A howler monkey (D:9)
  A bullfrog zombie (D:5)
  A jelly (D:4)
  4 centaur zombies
  3 orc priests
  A hound (D:4)
  Crazy Yiuf (D:3)
  A centaur skeleton (D:7)
  3 iguanas
  6 orc wizards
  A small abomination (Abyss:2)
  6 adders
  21 gnolls
  A shadow imp (D:7)
  5 white imps
  2 ufetubi
  3 worms
  A dart slug (D:1)
  25 orcs
  6 ball pythons
  11 endoplasms
  3 giant cockroaches
  7 goblins
  3 hobgoblins
  4 jackals (D:3)
  15 kobolds
  A quokka (D:2)
  3 bats
  3 frilled lizards
  2 rats
201 creatures vanquished.

Vanquished Creatures (others)
  2 plants (D:3)
  8 starspawn tentacles
10 creatures vanquished.

Grand Total: 211 creatures vanquished

Notes
Turn   | Place    | Note
-------+----------+-------------------------------------------
     0 | D:1      | rogsnak the Demonspawn Air Elementalist began the quest for
                  | the Orb.
     0 | D:1      | Reached XP level 1. HP: 13/13 MP: 3/3
   358 | D:1      | Gained mutation: When seriously injured, your blood forms
                  | armour. (AC +6) [demonic ancestry]
   358 | D:1      | Reached XP level 2. HP: 19/19 MP: 0/5
  1196 | D:2      | Found a shimmering blue altar of Sif Muna.
  1204 | D:2      | Became a worshipper of Sif Muna the Loreminder
  1336 | D:2      | Gained mutation: You have a pair of small antennae on your
                  | head. [demonic ancestry]
  1336 | D:2      | Reached XP level 3. HP: 5/24 MP: 0/6
  1711 | D:2      | Reached skill level 2 in Conjurations
  1737 | D:2      | Reached XP level 4. HP: 28/30 MP: 0/7
  2102 | D:2      | Found a faded altar of an unknown god.
  2314 | D:2      | Learned a level 3 spell: Swiftness
  3162 | D:3      | Reached skill level 3 in Conjurations
  3293 | D:3      | Found a runed translucent door.
  3299 | D:3      | Learned a level 4 spell: Airstrike
  3299 | D:3      | Noticed Crazy Yiuf
  3321 | D:3      | Killed Crazy Yiuf
  3322 | D:3      | Gained mutation: You may rarely emit foul miasma when
                  | damaged in melee. [demonic ancestry]
  3322 | D:3      | Reached XP level 5. HP: 26/35 MP: 3/8
  3657 | D:3      | Reached * piety under Sif Muna
  3776 | D:4      | Noticed Eustachio
  3992 | D:4      | Reached XP level 6. HP: 17/42 MP: 2/10
  4221 | D:4      | Reached skill level 4 in Conjurations
  4312 | D:4      | Killed Eustachio
  4313 | D:4      | Reached skill level 1 in Fighting
  4505 | D:4      | Found a transporter.
  4506 | D:4      | Noticed Ninjinzu's ghost (amateur DgWn)
  4514 | D:4      | Found a transporter.
  4631 | D:4      | Reached XP level 7. HP: 48/48 MP: 10/12
  4841 | D:4      | Upgraded the game from 0.28-a0-1227-ga9037bb4c8 to
                  | 0.28-a0-1234-g826d19b2e0
  4907 | D:4      | Killed Ninjinzu's ghost
  5293 | D:4      | Reached skill level 5 in Conjurations
  5307 | D:4      | Got the Reference Book on the Birds and Conjuration
  5314 | D:4      | Learned a level 5 spell: Lightning Bolt
  5534 | D:5      | Entered Level 5 of the Dungeon
  5789 | D:5      | Reached skill level 5 in Air Magic
  6116 | D:5      | Gained mutation: You sometimes emit foul miasma when
                  | damaged in melee. [demonic ancestry]
  6116 | D:5      | Reached XP level 8. HP: 56/56 MP: 6/15
  6184 | D:5      | Reached skill level 5 in Spellcasting
  6233 | D:5      | Noticed a kobold demonologist
  6251 | D:5      | Killed a kobold demonologist
  6459 | D:5      | Reached ** piety under Sif Muna
  6581 | D:5      | Found a staircase to the Ecumenical Temple.
  6694 | D:5      | Reached skill level 6 in Conjurations
  7459 | D:6      | Found a large runed translucent door.
  7459 | D:6      | Found a large runed translucent door.
  7460 | D:6      | Noticed awesomeguy42's ghost (amateur TrMo)
  7592 | D:6      | Reached XP level 9. HP: 62/62 MP: 8/17
  7733 | D:6      | Reached skill level 7 in Conjurations
  9056 | D:7      | Found a shimmering altar of Xom.
  9097 | D:7      | Found a hazy altar of Hepliaklqana.
  9367 | D:7      | Identified the +1 leather armour "Qicsuh" {Dex+6}
  9463 | D:7      | Reached skill level 8 in Conjurations
  9581 | D:7      | Reached *** piety under Sif Muna
 10060 | D:8      | Gained mutation: You regenerate magic rapidly. [demonic
                  | ancestry]
 10060 | D:8      | Reached XP level 10. HP: 69/69 MP: 16/20
 11560 | D:9      | Reached skill level 1 in Armour
 11606 | D:9      | Found a stormy altar of Qazlal.
 11633 | D:9      | Found a sparkling altar of Nemelex Xobeh.
 11633 | D:9      | Found a broken altar of Ashenzari.
 11637 | D:9      | Found a snail-covered altar of Cheibriados.
 12169 | D:10     | Entered Level 10 of the Dungeon
 12218 | D:10     | Reached skill level 9 in Conjurations
 12370 | D:10     | Noticed Snorg
 12452 | D:10     | Noticed Erolcha
 12457 | D:10     | Noticed Sonja
 12465 | D:10     | Cast into level 2 of the Abyss (Erolcha)
 12465 | Abyss:2  | Found a shimmering altar of Xom.
 12465 | Abyss:2  | Found a shimmering altar of Xom.
 12465 | Abyss:2  | Found a shimmering altar of Xom.
 12465 | Abyss:2  | Found a shimmering altar of Xom.
 12465 | Abyss:2  | Found a shimmering altar of Xom.
 12465 | Abyss:2  | Found a shimmering altar of Xom.
 12465 | Abyss:2  | Found a shimmering altar of Xom.
 12465 | Abyss:2  | Found a shimmering altar of Xom.
 12465 | Abyss:2  | Found a shimmering altar of Xom.
 12465 | Abyss:2  | Found a corrupted altar of Lugonu.
 12465 | Abyss:2  | Found a shimmering altar of Xom.
 12465 | Abyss:2  | Found a shimmering altar of Xom.
 12465 | Abyss:2  | Found a shimmering altar of Xom.
 12465 | Abyss:2  | Found a shimmering altar of Xom.
 12465 | Abyss:2  | Found a shimmering altar of Xom.
 12465 | Abyss:2  | Found a shimmering altar of Xom.
 12465 | Abyss:2  | Found a shimmering altar of Xom.
 12465 | Abyss:2  | Found a shimmering altar of Xom.
 12466 | Abyss:2  | Found a shimmering altar of Xom.
 12493 | Abyss:2  | Noticed a worldbinder
 12499 | Abyss:2  | Found a shimmering altar of Xom.
 12530 | Abyss:2  | Learned a level 5 spell: Freezing Cloud
 12592 | Abyss:2  | Noticed a wretched star
 12623 | Abyss:2  | Noticed a starcursed mass
 12644 | Abyss:2  | Noticed a worldbinder
 12653 | Abyss:2  | Killed a worldbinder
 12654 | Abyss:2  | Noticed a tentacled starspawn
 12700 | Abyss:3  | Noticed a green death
 12750 | Abyss:3  | Noticed a glowing orange brain
 12817 | Abyss:3  | Found a corrupted altar of Lugonu.
 12846 | Abyss:3  | Noticed a bone dragon
 12860 | Abyss:3  | Found a corrupted altar of Lugonu.
 12939 | Abyss:3  | Noticed a smoke demon
 12945 | Abyss:3  | Killed a smoke demon
 13026 | Abyss:3  | Noticed a wretched star
 13038 | Abyss:3  | Noticed a reaper
 13050 | Abyss:3  | Noticed an apocalypse crab
 13072 | Abyss:3  | Noticed a starcursed mass
 13093 | Abyss:3  | Noticed a large abomination
 13119 | Abyss:3  | Found a transporter.
 13124 | Abyss:3  | Noticed a worldbinder
 13128 | Abyss:3  | Noticed an orange crystal statue
 13129 | Abyss:3  | Noticed a tentacled monstrosity
 13152 | Abyss:3  | Noticed a starcursed mass
 13182 | Abyss:3  | Noticed a tentacled starspawn
 13203 | Abyss:3  | Noticed an Executioner
 13206 | Abyss:3  | Noticed a wretched star
 13228 | Abyss:3  | Noticed a wretched star
 13252 | Abyss:3  | Noticed a starcursed mass
 13258 | Abyss:3  | Noticed a daeva
 13319 | Abyss:3  | Noticed a starcursed mass
 13356 | Abyss:3  | Noticed a tentacled starspawn
 13364 | Abyss:3  | Slain by a tentacled starspawn

Illustrated notes

Levels and vault maps discovered:
D:1:      minmay_arrival_five_plusses, layout_basic
D:2:      layout_rooms, hellmonk_ecumenical_altar_prayer_group, basic_altar,
          serial_curves, eino_curves_04, eino_curves_04, minmay_tromino_v2
D:3:      layout_loops_ring, serial_bayou_pond_b, uniq_crazy_yiuf_cottage
D:4:      layout_cave_pools, gammafunk_ghost_smash, uniq_eustachio
D:5:      layout_loops_corners, minmay_temple_entry_crystal_x,
          eino_small_chamber_without_monster
D:6:      layout_basic, ebering_ghost_disaster_area
D:7:      layout_basic, lemuel_tele_altar, lemuel_round_altar, st_stairs_3
D:8:      layout_loops_corners
D:9:      layout_roguey, grunt_temple_overflow_open
D:10:     layout_stronghold, david_lair_generic, erik_orc_1, uniq_erolcha,
          uniq_sonja, uniq_snorg
Abyss:3:  base: Temple, abyss_furniture_001, hangedman_abyss_or_decor_clamps,
          minivault_5, hangedman_relentless_pull, evilmike_abyss_exit_4,
          evilmike_abyss_exit_4, gammafunk_abyss_exit_x_factor,
          hangedman_abyss_mock_shop, gammafunk_abyss_exit_x_factor,
          nicolae_abyss_rune_star_stuff, evilmike_abyss_exit_11,
          nicolae_abyss_rune_left_handed, evilmike_abyss_exit_11,
          gammafunk_abyss_rune_reverse_zot

Skill      XL: |  1  2  3  4  5  6  7  8  9 10 |
---------------+-------------------------------+-----
Air Magic      | 3 4 5 6 7 8 |  8.8
Conjurations   | 2 3 4 5 6 8 9 |  9.2
Dodging        | 2 3 |  3.9
Spellcasting   | 3 4 5 7 8 |  8.7
Fighting       | 1 2 3 |  3.1
Armour         | 1 |  1.7
Stealth        | |  1.7
Evocations     | |  0.4

Action                   |  1- 3 |  4- 6 |  7- 9 | 10-12 || total
-------------------------+-------+-------+-------+-------++-------
Melee: Mace              |    10 |     6 |     5 |       ||    21
       Staff             |       |    25 |   127 |     6 ||   158
 Cast: Shock             |    68 |    94 |   177 |    65 ||   404
       Airstrike         |       |     5 |    40 |    58 ||   103
       Swiftness         |       |       |     3 |       ||     3
       Lightning Bolt    |       |       |     1 |       ||     1
Evoke: Wand              |       |     2 |       |     6 ||     8
  Use: Scroll            |       |       |       |     4 ||     4
Armor: Robe              |     4 |     7 |    78 |       ||    89
       Leather armour    |       |       |     2 |    24 ||    26
Dodge: Dodged            |    15 |    30 |   158 |    75 ||   278

Table legend: (Time is in decaauts)
 A = Elapsed time spent in this place.
 B = Non-inter-level travel time spent in this place.
 C = Inter-level travel time spent in this place.
 D = Time resting spent in this place.
 E = Time spent auto-exploring this place.
 F = Levels seen in this place.
 G = Mean time per level.
                   A        B        C        D        E       F      G
               +--------+--------+--------+--------+--------+-----+--------+
         Total |  13418 |  13143 |    275 |   3555 |   6012 |  12 | 1118.2 |
       Dungeon |  12517 |  12242 |    275 |   3274 |   6012 |  10 | 1251.7 |
         Abyss |    901 |    901 |      0 |    281 |      0 |   2 |  450.5 |
               +--------+--------+--------+--------+--------+-----+--------+

Top non-repeatable levels by time:
     D:4: 1770 daAuts
     D:2: 1516 daAuts
     D:5: 1400 daAuts
     D:3: 1391 daAuts
     D:8: 1369 daAuts
     D:6: 1291 daAuts
     D:7: 1289 daAuts
     D:1: 1109 daAuts
     D:9: 1100 daAuts
 Abyss:3: 691 daAuts
    D:10: 278 daAuts
 Abyss:2: 209 daAuts
